AoeStats
← 76896859

Arabia

509923066Analyzed
1v1 RM · 3d ago on Sep 28, 2026· 30m 58s· 2 players
Game mode
Random Map
Map size
Tiny (2 player)
Population
200
Speed
Normal
Resources
Standard
Victory
Conquest
Starting age
Dark Age
Ending age
Imperial Age
RankedLock teamsTeams togetherTeam positionsShared explorationLock speedFull tech treeHidden civsTurbo modeCheats
Victory
Defeat
🇦🇷 Ethiopians · Argentina
1047
+16
🇨🇳 Huns · China
1057
-16
nicolahsxas
2:32 Loom
2:57 Loom
9:59 Feudal Age
20:46 Castle Age
19:56 Fletching
21:34 Bodkin Arrow
27:48 Crossbowman
29:24 Padded Archer Armor
76896859
3:24 Loom
9:21 Feudal Age
10:02 Double-Bit Axe
10:54 Horse Collar
14:43 Fletching
21:24 Wheelbarrow
23:24 Gold Mining
26:11 Castle Age
25:19 Bloodlines
25:17 Scale Barding Armor
25:23 Forging
Connection lost

Rejoining the realm…

Still unreachable

The connection could not be restored.

Session expired

The server has moved on; the page needs a fresh start.